 Dungeon Crawl Stone Soup version 0.29.0-4-gdea44cf6ec (webtiles) character file.

Game seed: 130720055077348164

37 qw the Sneak (level 3, -7/17 HPs)
             Began as a Felid Delver on Aug 27, 2022.
             Mangled by an iguana (12 damage)
             ... on level 5 of the Dungeon.
             The game lasted 00:00:01 (562 turns).

qw the Sneak (Felid Delver)                          Turns: 562, Time: 00:00:01

Health: -7/17      AC:  1    Str:  8    XL:     3   Next: 23%
Magic:  4/4        EV: 18    Int: 11    God:
Gold:   21         SH:  0    Dex: 19    Spells: 2/2 levels left
                                        Lives:  0   Deaths: 0

rFire   . . .      SeeInvis +     - Unarmed
rCold   . . .      Faith    .   (shield unavailable)
rNeg    . . .      Spirit   .   (body armour unavailable)
rPois   .          Reflect  .   (helmet unavailable)
rElec   .          Harm     .   (cloak unavailable)
rCorr   .          Rampage  .   (gloves unavailable)
Will    .....                   (boots unavailable)
Stlth   ++++......              (no amulet)
HPRegen 0.05/turn               (no ring)
MPRegen 0.09/turn               (no ring)

@: quick
A: very small, claws 1, fangs 3, see invisible, speed 1, shaggy fur 1, stealthy
paws, no weapons or thrown items, no armour, multi-lived
a: no special abilities


You were on level 5 of the Dungeon.
You visited 1 branch of the dungeon, and saw 1 of its levels.

You collected 21 gold pieces.


Innate Abilities, Weirdness & Mutations

You have sharp claws.
You have razor-sharp teeth.
You have supernaturally acute eyesight. (SInv)
You cover ground quickly. (Speed+)
You are covered in fur. (AC +1)
Your paws help you pounce on unaware monsters.
You are incapable of wielding weapons or throwing items.
You cannot wear armour.
You gain extra lives every three experience levels.


   Skills:
 - Level 3.0 Fighting
 - Level 3.0 Dodging
 - Level 6.6 Stealth
 + Level 3.6 Unarmed Combat


You had 2 spell levels left.
You didn't know any spells.
Your spell library was empty.

Inventory:

Jewellery
 g - a +6 ring of strength
Wands
 e - a wand of digging (3)
Scrolls
 a - a scroll of fog
 b - a scroll of magic mapping
 c - a scroll of fear
 h - a scroll of immolation {unknown}
 i - a scroll of identify {unknown}
Potions
 d - a potion of haste
 f - a potion of flight {unknown}

Dungeon Overview and Level Annotations

Branches:
Dungeon (5/15)
 Temple: D:4-7

Altars:


Message History

Enter note: You completely miss the iguana.
The iguana hisses angrily.
You bite the iguana, but do no damage. The iguana barely misses you.
You closely miss the iguana. You claw the iguana. Your bite misses the iguana.
The iguana is lightly wounded.
The iguana barely misses you.
You closely miss the iguana.
The iguana is lightly wounded.
The iguana barely misses you.
You scratch the iguana.
The iguana is moderately wounded.
The iguana barely misses you.
You scratch the iguana. You bite the iguana.
The iguana is heavily wounded.
The iguana closely misses you.
You barely miss the iguana. Your claw misses the iguana.
The iguana is heavily wounded.
The iguana bites you.
You barely miss the iguana.
The iguana is heavily wounded.
The iguana bites you!
You barely miss the iguana.
The iguana is heavily wounded.
You scratch the iguana.
The iguana is severely wounded.
The iguana barely misses you.
You scratch the iguana.
The iguana is severely wounded.
The iguana closely misses you.
You scratch the iguana but do no damage.
You bite the iguana, but do no damage.
The iguana is severely wounded.
The iguana barely misses you.
You scratch the iguana but do no damage.
The iguana is severely wounded.
The iguana bites you!
Ouch! That really hurt!
You die...

.....#.....#....#
.....#.....#....#
##...#.....#....#
##..##.#####....###
##..##%#.....###..#
.......#.....#....#
.......#.....#....#
##.....#.....#....#
###+####.....##.@##
#
....#######l......
. #.... ....... .
+.... .#..... #
.#....^ .# .... ..
... ## ###


You could see an iguana.

Vanquished Creatures
  A hound (D:5)
  An ufetubus (D:5)
2 creatures vanquished.

Notes
Turn   | Place    | Note
-------+----------+-------------------------------------------
     0 | D:5      | qw the Felid Delver began the quest for the Orb.
     0 | D:5      | Reached XP level 1. HP: 10/10 MP: 2/2
     0 | D:5      | 0 ||| qw: Version: 0.1-a-89-g26bdef1
     0 | D:5      | 0 ||| qw: Game counter: 44
     0 | D:5      | 0 ||| qw: Always use a shield: true
     0 | D:5      | 0 ||| qw: God list: Okawaru, Trog
     0 | D:5      | 0 ||| qw: Allow faded altars: false
     0 | D:5      | 0 ||| qw: Do Orc after D:15 true
     0 | D:5      | 0 ||| qw: Do second Lair branch before Depths: true
     0 | D:5      | 0 ||| qw: Lair rune preference: random
     0 | D:5      | 0 ||| qw: Plans: Normal
     0 | D:5      | 0 ||| PLANNING D:1-11
    86 | D:5      | Noticed a hound
    95 | D:5      | Killed a hound
    96 | D:5      | Reached skill level 3 in Unarmed Combat
    96 | D:5      | Reached XP level 2. HP: 7/14 MP: 3/3
    96 | D:5      | Reached XP level 3. HP: 9/17 MP: 4/4
   264 | D:5      | Reached skill level 3 in Dodging
   264 | D:5      | 264 ||| Stepping ~*~*~tactically~*~*~ (stealth).
   268 | D:5      | 268 ||| Stepping ~*~*~tactically~*~*~ (stealth).
   562 | D:5      | Mangled by an iguana

Levels and vault maps discovered:
D:5:      corexii_shantytown, layout_gridville, minmay_temple_entry_stoned_glass

Skill      XL: |  1  2  3 |
---------------+----------+-----
Unarmed Combat | 3 |  3.6
Dodging        | 3 |  3.0
Fighting       | |  3.0
Stealth        | |  6.6

Action                   || total
-------------------------++-------
Melee: Unarmed           ||    25
       Bite              ||     5
       Punch             ||     1
Armor: Skin              ||     1
Dodge: Dodged            ||    28

Table legend:
 A = Non-vault XP
 B = Vault XP
 C = Vault XP percentage of total XP
 D = Non-vault monster count
 E = Vault monster count
 F = Vault count percentage of total count
                 A         B        C        D         E       F
            +---------+---------+-------+---------+---------+-------
      Total |      54 |       0 |   0.0 |       2 |       0 |   0.0
            +---------+---------+-------+---------+---------+-------
        D:5 |      54 |       0 |   0.0 |       2 |       0 |   0.0
            +---------+---------+-------+---------+---------+-------
